 Dungeon Crawl Stone Soup version 0.26.0-10-g1f06aea511 (webtiles) character file.

Game seed: 4538950130356144445

165464 Borgoz the Fencer (level 17, 0/156 HPs)
             Began as a Ghoul Gladiator on Jan 17, 2021.
             Was a High Priest of Okawaru.
             Slain by a 27-headed hydra zombie (2 damage)
             ... on level 4 of the Swamp.
             The game lasted 01:12:20 (34584 turns).

Borgoz the Fencer (Ghoul Gladiator)                Turns: 34584, Time: 01:12:21

Health: 0/156      AC: 31    Str: 23    XL:     17   Next: 88%
Magic:  19/19      EV: 17    Int:  3    God:    Okawaru [*****.]
Gold:   2793       SH:  7    Dex: 15    Spells: 13/16 levels left

rFire    + . .     SeeInvis +   r - +5 scimitar (flame)
rCold    + + .     Faith    +   k - +2 buckler {reflect}
rNeg     + + +     Spirit   .   f - +3 chain mail {rF+}
rPois    ∞         Reflect  +   p - +2 hat
rElec    .         Harm     .   D - +2 cloak
rCorr    .         Rampage  .   n - +2 pair of gloves {archery}
Will     ++...                  G - +1 pair of boots {run}
Stlth    ..........             q - amulet "Tet Xofi" {Faith rC+ Str+3 SInv}
HPRegen  0.00/turn              h - ring of willpower
MPRegen  0.16/turn              m - +4 ring of protection

@: about to teleport, studying Long Blades, quick
A: claws 1, cold resistance 1, negative energy resistance 3, inhibited
regeneration, torment resistance, unbreathing
a: Renounce Religion, Heroism, Finesse


You were on level 4 of the Swamp.
You worshipped Okawaru.
Okawaru was extremely pleased with you.
You visited 5 branches of the dungeon, and saw 28 of its levels.
You visited 1 bazaar.
You also visited: Ice Cave and Volcano.

You collected 5135 gold pieces.
You spent 2342 gold pieces at shops.

Inventory:

Hand Weapons
 a - a +3 great sword of freezing
 b - a +0 great sword of flaming
 r - a +5 scimitar of flaming (weapon)
Armour
 f - a +3 chain mail of fire resistance (worn)
 k - a +2 buckler of reflection (worn)
 n - a +2 pair of gloves of archery (worn)
 p - a +2 hat (worn)
 B - +0 acid dragon scales
 D - a +2 cloak (worn)
 G - a +1 pair of boots of running (worn)
 N - the +0 pair of boots of Stoicism {Dex+4}
   (Okawaru gifted it to you on level 3 of the Swamp)

   It affects your dexterity (+4).
Jewellery
 h - a ring of willpower (left hand)
 m - a +4 ring of protection (right hand)
 q - the amulet "Tet Xofi" (around neck) {Faith rC+ Str+3 SInv}
   (You found it on level 10 of the Dungeon)

   [amulet of faith]

   It allows you to gain divine favour quickly.
   It affects your strength (+3).
   It protects you from cold.
   It lets you see invisible.
 E - an uncursed ring of flight
 H - an uncursed ring of protection from fire
 M - an uncursed ring of see invisible
Wands
 x - a wand of iceblast (17)
 y - a wand of flame (92)
 A - a wand of acid (19)
 C - a wand of digging (21)
 J - a wand of paralysis (6)
Scrolls
 c - a scroll of fear
 d - 3 scrolls of identify
 e - a scroll of magic mapping
 j - 4 scrolls of blinking
 t - 4 scrolls of fog
 u - 5 scrolls of teleportation
 w - 10 scrolls of remove curse
 I - a scroll of silence
 K - 2 scrolls of brand weapon
 L - a scroll of enchant armour
Potions
 g - 6 potions of resistance
 i - 3 potions of haste
 l - 3 potions of might
 o - 13 potions of curing
 s - a potion of heal wounds
 v - 4 potions of flight
 F - 2 potions of invisibility
Books
 z - a manual of Long Blades


   Skills:
 * Level 15.5 Fighting
 * Level 16.4 Long Blades
 - Level 1.7 Throwing
 * Level 13.1 Armour
 * Level 15.1 Dodging
 - Level 5.0 Shields
 - Level 5.0 Invocations
 - Level 3.0 Evocations


You had 13 spell levels left.
You knew the following spells:

 Your Spells              Type           Power        Failure   Level
a - Confusing Touch       Hex            0%           100%        3

Your spell library contained the following spells:

 Spells                   Type           Power        Failure   Level
 Corona                   Hex            0%           96%         1
 Foxfire                  Conj/Fire      0%           96%         1
 Shock                    Conj/Air       0%           96%         1
 Sting                    Tmut/Pois      0%           96%         1
 Corpse Rot               Necr/Air       N/A          99%         2
 Ensorcelled Hibernation  Hex/Ice        0%           99%         2
 Passwall                 Tmut/Erth      0%           99%         2
 Poisonous Vapours        Pois/Air       0%           99%         2
 Slow                     Hex            0%           99%         2
 Swiftness                Air            0%           99%         2
 Conjure Flame            Conj/Fire      0%           100%        3
 Dazzling Flash           Conj/Hex       0%           100%        3
 Gell's Gravitas          Tloc           0%           100%        3
 Ignite Poison            Fire/Tmut/Pois 0%           100%        3
 Inner Flame              Hex/Fire       0%           100%        3
 Mephitic Cloud           Conj/Pois/Air  0%           100%        3
 Portal Projectile        Hex/Tloc       0%           100%        3
 Static Discharge         Conj/Air       0%           100%        3
 Tukima's Dance           Hex            0%           100%        3
 Airstrike                Air            0%           100%        4
 Cause Fear               Hex            0%           100%        4
 Dispel Undead            Necr           0%           100%        4
 Leda's Liquefaction      Hex/Erth       0%           100%        4
 Olgreb's Toxic Radiance  Pois           0%           100%        4
 Passage of Golubria      Tloc           N/A          100%        4
 Petrify                  Tmut/Erth      0%           100%        4
 Sticky Flame             Conj/Fire      0%           100%        4
 Agony                    Necr           0%           100%        5
 Bolt of Magma            Conj/Fire/Erth 0%           100%        5
 Excruciating Wounds      Necr           0%           100%        5
 Fireball                 Conj/Fire      0%           100%        5
 Irradiate                Conj/Tmut      0%           100%        5
 Iskenderun's Battlesphe  Conj           0%           100%        5
 Lightning Bolt           Conj/Air       0%           100%        5
 Metabolic Englaciation   Hex/Ice        0%           100%        5
 Silence                  Hex/Air        0%           100%        5
 Yara's Violent Unravell  Hex/Tmut       0%           100%        5
 Freezing Cloud           Conj/Ice/Air   0%           100%        6
 Iron Shot                Conj/Erth      0%           100%        6
 Ozocubu's Refrigeration  Ice            0%           100%        6
 Simulacrum               Ice/Necr       0%           100%        6
 Malign Gateway           Summ/Tloc      0%           100%        7
 Orb of Destruction       Conj           0%           100%        7
 Spellforged Servitor     Conj/Summ      0%           100%        7
 Discord                  Hex            0%           100%        8
 Beastly Appendage        Tmut           Unusable     N/A         1
 Sublimation of Blood     Necr           Unusable     N/A         2
 Wereblood                Tmut           Unusable     N/A         2
 Spider Form              Tmut/Pois      Unusable     N/A         3
 Ice Form                 Ice/Tmut       Unusable     N/A         4
 Blade Hands              Tmut           Unusable     N/A         5
 Hydra Form               Tmut           Unusable     N/A         6
 Statue Form              Tmut/Erth      Unusable     N/A         6
 Dragon Form              Tmut           Unusable     N/A         7

Dungeon Overview and Level Annotations

Branches:
Dungeon (15/15)            Temple (1/1) D:4            Lair (6/6) D:9
  Swamp (4/4) Lair:2        Snake (0/4) Lair:3        Slime (0/5) Lair:5
    Orc (2/2) D:9             Elf (0/3) Orc:2        Vaults (0/5) D:13
 Depths (0/5) D:15          IceCv (visited)         Volcano (visited)

Altars:
Ashenzari
Cheibriados
Dithmenos
Elyvilon
Fedhas
Gozag
Hepliaklqana
Kikubaaqudgha
Makhleb
Nemelex Xobeh
Okawaru
Qazlal
Ru
Sif Muna
Trog
Uskayaw
Vehumet
Wu Jian
Xom
Yredelemnul
Zin
The Shining One

Shops:
D:4 ?   D:12 *   Orc:2 }*:*!

Portals:
Hell: Lair:6

Annotations:
Lair:5 2 transporters, Ribudoz's ghost, journeyman GnFi


Innate Abilities, Weirdness & Mutations

You thrive by killing the living.
You are immune to poison.
You have sharp fingernails.
Your flesh is cold resistant. (rC+)
You are immune to negative energy. (rN+++)
You do not regenerate when monsters are visible.
You are immune to unholy pain and torment.
You can survive without breathing.


Message History

The vampire knight closely misses you.
You riposte.
You hit the vampire knight but do no damage.
The vampire knight is severely damaged.
The vampire knight bites you but does no damage.
The swamp dragon closely misses you.
You riposte.
You hit the swamp dragon but do no damage.
The swamp dragon claws you but does no damage.
The swamp dragon tramples you but does no damage.
The swamp drake closely misses you. x2
You block the swamp dragon skeleton's attack.
The swamp dragon skeleton claws you but does no damage.
The swamp dragon skeleton tramples you but does no damage.
The 27-headed hydra zombie bites you but does no damage. x2
You block the 27-headed hydra zombie's attack.
The 27-headed hydra zombie bites you but does no damage.
The 27-headed hydra zombie bites you.
* * * LOW HITPOINT WARNING * * *
The 27-headed hydra zombie bites you but does no damage. x2
The 27-headed hydra zombie bites you.
You die...

..≈..≈≈.≈....≈.≈≈♣..≈≈.
≈.≈..≈≈≈.....≈.≈......≈.
≈≈≈..≈..≈≈........≈...≈≈
≈≈..≈.≈≈..≈.≈.≈..≈≈.§≈♣.
≈§...≈.≈..≈≈≈≈≈.....≈...
≈..≈≈≈.≈.....≈.♣≈♣≈≈≈≈.≈
≈..=≈.≈.≈≈....○○°°°.....
≈P.....≈..≈.≈.☼kZD≈..≈..
≈≈......≈§...$○V@Zk....§
≈≈.≈.≈..§..(...kkVZ..≈..
≈≈≈..[.≈≈..≈≈..!ZZ.≈...≈
≈≈.≈≈.≈..≈§.≈.##♣Z..##♣.
.≈[...≈.§.≈≈≈## .Z♣#
....≈.≈.≈.≈.§# ...
≈≈≈.≈.≈≈..≈≈♣ .♣.W
..!.......≈♣# ..♣≈Z
..≈≈≈..≈≈.## ♣≈ ..♣


You could see 2 vampire knights, a swamp dragon, a flayed ghost, a spectral
seven-headed hydra, 4 swamp drakes, a six-headed hydra simulacrum, 2 death drake
zombies, 2 swamp dragon zombies, a 27-headed hydra zombie and a swamp dragon
skeleton.

Vanquished Creatures
  2 thorn hunters (Swamp:2)
  A fire giant (D:15)
  A frost giant (IceCv)
  3 orc warlords
  A stone giant (Volcano)
  The ghost of Karim the Protected, a journeyman TrAM of Qazlal (Lair:4)
  4 bunyips (Swamp:2)
  2 eleionomae
  4 ogre magi (Orc:2)
  A shambling mangrove (Swamp:2)
  A rakshasa (D:15)
  3 boulder beetles
  15 hydras
  4 ghost crabs
  Erica (D:8)
  2 centaur warriors (D:13)
  17 two-headed ogres
  A death knight (D:13)
  6 alligators
  A catoblepas (Lair:6)
  15 death yaks
  A dancing weapon (Lair:4)
  4 skeletal warriors (D:15)
  A sun demon (Lair:6)
  An iron troll (D:13)
  2 unseen horrors
  9 goliath frogs
  A wizard (Lair:6)
  A spectral hydra (Swamp:4)
  A phantasmal warrior (D:13)
  11 swamp dragons
  4 bog bodies
  An orc knight (Orc:1)
  A lindwurm (Lair:6)
  4 orc sorcerers
  2 manticores (D:12)
  2 deep elf magi
  8 ugly things
  6 will-o-the-wisps
  19 elephants
  An ice statue (IceCv)
  7 black mambas
  Maurice (D:8)
  Joseph (D:8)
  7 gargoyles
  An orange demon (Lair:6)
  15 cane toads
  2 torpor snails
  A redback zombie (D:14)
  An efreet (Volcano)
  11 komodo dragons
  A hellwing (Lair:6)
  4 ice devils (Lair:6)
  5 rime drakes
  5 trolls
  A bloated husk (Swamp:3)
  14 polar bears
  10 hornets
  5 tyrant leeches
  15 slime creatures
  17 blink frogs
  11 dream sheep (Lair:6)
  Sigmund (D:2)
  9 spriggans
  2 shadows (D:9)
  A vampire (D:14)
  A wraith (D:11)
  5 wyverns
  71 yaks
  2 basilisks
  5 fire bats (Volcano)
  14 vampire mosquitoes
  A steam dragon (D:8)
  A warg (Orc:1)
  11 swamp worms
  3 acid dragons
  2 swamp drakes
  18 water moccasins
  5 hell hounds (Lair:6)
  36 orc warriors
  5 ice beasts
  2 black bears
  An eye of draining (D:12)
  4 sky beasts
  2 necrophages
  A phantom (D:9)
  A boggart (shapeshifter) (D:13)
  26 ogres
  23 wolves
  20 centaurs
  17 bullfrogs
  5 big kobolds
  3 earth elementals (Volcano)
  A gnoll sergeant (D:12)
  2 wyvern skeletons
  2 scorpions
  11 killer bees
  A howler monkey (D:12)
  11 wights
  5 lava snakes (Volcano)
  4 centaur zombies
  5 hounds
  6 jellies
  2 quasits
  19 orc priests
  4 bullfrog skeletons
  6 centaur skeletons
  Natasha (thrice) (D:2)
  2 iguanas
  21 orc wizards
  12 worker ants
  Terence (D:2)
  A killer bee zombie (D:6)
  8 ogre zombies (D:9)
  2 hound zombies
  A hound skeleton (D:11)
  A howler monkey zombie (D:5)
  4 gnolls
  24 adders
  2 shadow imps
  13 white imps
  5 ufetubi
  7 oozes
  An adder zombie (D:5)
  A worm (D:4)
  12 leopard geckos
  99 orcs
  2 ball pythons
  4 giant cockroaches
  3 goblins (D:1)
  14 hobgoblins
  10 jackals
  33 kobolds
  6 quokkas
  9 bats
  3 frilled lizards
  2 goblin skeletons (D:9)
  2 goblin zombies (D:9)
  2 hobgoblin skeletons (D:9)
  3 hobgoblin zombies (D:9)
  4 orc skeletons (D:9)
  12 orc zombies (D:9)
  A quokka skeleton (D:9)
  6 rats
1014 creatures vanquished.

Vanquished Creatures (others)
  A goliath frog (Swamp:3)
  A black mamba (Lair:6)
  2 bloated husks
  A swamp worm (Swamp:1)
  A swamp drake (Swamp:1)
  An ogre (D:12)
  2 briar patches (Swamp:2)
  56 foxfires
  33 fungi
  49 plants
  7 toadstools (Swamp:2)
154 creatures vanquished.

Grand Total: 1168 creatures vanquished

Notes
Turn   | Place    | Note
-------+----------+-------------------------------------------
     0 | D:1      | Borgoz the Ghoul Gladiator began the quest for the Orb.
     0 | D:1      | Reached XP level 1. HP: 17/17 MP: 0/0
   126 | D:1      | Reached XP level 2. HP: 24/24 MP: 1/1
   212 | D:1      | Reached skill level 3 in Long Blades
   633 | D:1      | Reached XP level 3. HP: 26/30 MP: 2/2
   742 | D:2      | Found an ancient bone altar of Kikubaaqudgha.
   778 | D:2      | Noticed Natasha
   786 | D:2      | Killed Natasha
   787 | D:2      | Reached skill level 1 in Armour
   787 | D:2      | Reached XP level 4. HP: 29/37 MP: 3/3
   890 | D:2      | Noticed Terence
   901 | D:2      | Killed Terence
   974 | D:2      | Found a radiant altar of Vehumet.
  1034 | D:2      | Noticed Sigmund
  1304 | D:3      | Reached XP level 5. HP: 45/45 MP: 4/4
  1560 | D:3      | Found a glowing silver altar of Zin.
  1633 | D:3      | Found a bloodstained altar of Trog.
  1859 | D:3      | Reached skill level 4 in Long Blades
  1859 | D:3      | Reached XP level 6. HP: 20/51 MP: 5/5
  2054 | D:4      | Found a staircase to the Ecumenical Temple.
  2589 | D:4      | Noticed a sky beast
  2611 | D:4      | Killed a sky beast
  2612 | D:4      | Reached XP level 7. HP: 39/58 MP: 6/6
  2841 | D:4      | Found Toma's Magic Scroll Boutique.
  2849 | D:4      | Bought a scroll of identify for 26 gold pieces
  2849 | D:4      | Bought a scroll of identify for 26 gold pieces
  2925 | Temple   | Entered the Ecumenical Temple
  2940 | Temple   | Became a worshipper of Warmaster Okawaru
  3275 | D:4      | Found a basalt altar of Yredelemnul.
  3519 | D:5      | Entered Level 5 of the Dungeon
  3586 | D:6      | Reached skill level 1 in Invocations
  3747 | D:5      | Reached skill level 5 in Dodging
  3754 | D:5      | Reached skill level 5 in Long Blades
  3911 | D:5      | Reached * piety under Okawaru
  3912 | D:5      | Reached XP level 8. HP: 25/67 MP: 8/8
  5129 | D:2      | Noticed Natasha
  5138 | D:2      | Killed Natasha
  5175 | D:2      | Noticed Natasha
  5186 | D:2      | Killed Natasha
  5263 | D:2      | Found a shadowy altar of Dithmenos.
  5466 | D:2      | Killed Sigmund
  5467 | D:2      | Reached skill level 5 in Fighting
  5467 | D:2      | Reached skill level 6 in Long Blades
  5930 | D:6      | Reached XP level 9. HP: 46/74 MP: 10/10
  6222 | D:6      | Reached ** piety under Okawaru
  6568 | D:7      | Noticed an orc sorcerer
  6589 | D:7      | Killed an orc sorcerer
  6895 | D:7      | Found an ornate altar of the Wu Jian Council.
  7099 | D:7      | Found a snail-covered altar of Cheibriados.
  7115 | D:7      | Reached skill level 7 in Long Blades
  7151 | D:7      | Found a stormy altar of Qazlal.
  7287 | D:7      | Reached *** piety under Okawaru
  7440 | D:7      | Found a glowing golden altar of the Shining One.
  7904 | D:8      | Noticed Erica
  7918 | D:8      | Killed Erica
  7919 | D:8      | Reached XP level 10. HP: 29/84 MP: 8/11
  7925 | D:8      | Reached **** piety under Okawaru
  7926 | D:8      | Reached skill level 8 in Long Blades
  7926 | D:8      | Reached skill level 5 in Armour
  8244 | D:8      | Noticed Joseph
  8254 | D:8      | Killed Joseph
  8328 | D:8      | Noticed Maurice
  8376 | D:8      | Killed Maurice
  8435 | D:8      | Learned a level 3 spell: Confusing Touch
  8624 | D:8      | Found a broken altar of Ashenzari.
  8682 | D:8      | Found a bloodstained altar of Trog.
  8759 | D:9      | Found a staircase to the Orcish Mines.
  9302 | D:9      | Found a hazy altar of Hepliaklqana.
  9376 | D:9      | Found a shimmering blue altar of Sif Muna.
  9440 | D:9      | Found a staircase to the Lair.
  9847 | D:10     | Entered Level 10 of the Dungeon
  9863 | D:10     | Noticed a gargoyle
  9875 | D:10     | Killed a gargoyle
  9876 | D:10     | Reached skill level 9 in Long Blades
  9922 | D:10     | Reached XP level 11. HP: 57/92 MP: 9/12
 10071 | D:10     | Noticed a two-headed ogre
 10083 | D:10     | Killed a two-headed ogre
 10083 | D:10     | Reached ***** piety under Okawaru
 10225 | D:10     | Got a warped diamond amulet
 10236 | D:10     | Identified the amulet "Tet Xofi" {Faith rC+ Str+3 SInv}
                  | (You found it on level 10 of the Dungeon)
 11215 | D:11     | Received a gift from Okawaru
 11229 | D:11     | Got an ichor-stained long sword {god gift}
 11230 | D:11     | Identified the +2 long sword "Urismasch" {vorpal, Str+5}
                  | (Okawaru gifted it to you on level 11 of the Dungeon)
 11334 | D:11     | Noticed a green ugly thing
 11350 | D:11     | Killed a green ugly thing
 11351 | D:11     | Reached skill level 10 in Long Blades
 11351 | D:11     | Reached skill level 10 in Dodging
 11369 | D:11     | Found a flickering gateway to a bazaar.
 11426 | Bazaar   | Entered a bazaar
 11426 | Bazaar   | Found Xualosk's Weapon Emporium.
 11452 | Bazaar   | Found Arueseon's Magic Scroll Emporium.
 11480 | Bazaar   | Found Nibbeat's Antique Armour Boutique.
 11490 | Bazaar   | Found Wietoji's Book Shop.
 11500 | Bazaar   | Bought a fine plate armour for 448 gold pieces
 11527 | Bazaar   | Bought a scroll of identify for 30 gold pieces
 11527 | Bazaar   | Bought a scroll of identify for 30 gold pieces
 11563 | D:11     | Identified the cursed +0 plate armour of Dim Light {rN+
                  | Regen+} (You bought it in a shop in a bazaar)
 11623 | D:11     | Got an ivory trident
 11774 | D:11     | Noticed an unseen horror
 11780 | D:11     | Killed an unseen horror
 11804 | D:11     | Identified the Almanac of the Spatial Mountains
 12021 | D:11     | Noticed a brown ugly thing
 12030 | D:11     | Killed a brown ugly thing
 12030 | D:11     | Received a gift from Okawaru
 12031 | D:11     | Reached XP level 12. HP: 103/103 MP: 13/13
 12033 | D:11     | Got a pair of pitted boots {god gift}
 12039 | D:11     | Identified the +2 pair of boots of the Saviour {Regen+
                  | Int+5 Dex-4} (Okawaru gifted it to you on level 11 of the
                  | Dungeon)
 12218 | Lair:1   | Entered Level 1 of the Lair of Beasts
 12272 | Lair:1   | Noticed an eight-headed hydra
 12288 | Lair:1   | Killed a five-headed hydra
 12466 | Lair:1   | Found a bloodstained altar of Trog.
 13105 | Lair:2   | Noticed a death yak
 13106 | Lair:2   | Noticed a death yak
 13152 | Lair:1   | Killed a death yak
 13243 | Lair:2   | Noticed a boulder beetle
 13256 | Lair:1   | Killed a death yak
 13257 | Lair:1   | Reached skill level 11 in Long Blades
 13299 | Lair:2   | Killed a boulder beetle
 13776 | Lair:2   | Found a staircase to the Swamp.
 13942 | Lair:2   | Reached ****** piety under Okawaru
 13954 | Lair:2   | Received a gift from Okawaru
 14020 | Lair:2   | Reached XP level 13. HP: 113/113 MP: 12/15
 14332 | Lair:3   | Reached skill level 10 in Fighting
 14345 | Lair:3   | Reached skill level 5 in Invocations
 14652 | Lair:3   | Received a gift from Okawaru
 14949 | Lair:3   | Found a staircase to the Snake Pit.
 15477 | Lair:4   | Found a burning altar of Makhleb.
 15501 | Lair:4   | Received a gift from Okawaru
 15502 | Lair:4   | Got a fading arbalest {god gift}
 15949 | Lair:4   | Received a gift from Okawaru
 15969 | Lair:4   | Got a pair of ancient boots {god gift}
 16099 | Lair:4   | Identified the +0 pair of boots "Onur" {rPois MP+9 SInv}
                  | (Okawaru gifted it to you on level 4 of the Lair of Beasts)
 16152 | Lair:4   | Reached skill level 12 in Long Blades
 16367 | Lair:4   | Got a pitted steel amulet
 16368 | Lair:4   | Identified the amulet of Xosyjol {Inacc rF+ Will+ Str+3
                  | Int-4} (You found it on level 4 of the Lair of Beasts)
 16380 | Lair:4   | Found a runed translucent door.
 16381 | Lair:4   | Found a shimmering altar of Xom.
 16381 | Lair:4   | Noticed Karim's ghost (journeyman TrAM)
 16702 | Lair:5   | Found a transporter.
 16706 | Lair:5   | Found a staircase to the Slime Pits.
 16808 | Lair:5   | Noticed Ribudoz's ghost (journeyman GnFi)
 16894 | Lair:5   | Found a transporter.
 17335 | Lair:5   | Reached XP level 14. HP: 97/124 MP: 16/16
 17659 | Lair:6   | Entered Level 6 of the Lair of Beasts
 17743 | Lair:6   | Received a gift from Okawaru
 17996 | Lair:5   | Received a gift from Okawaru
 18434 | Lair:6   | Reached skill level 1 in Shields
 18448 | Lair:6   | Reached skill level 10 in Armour
 18449 | Lair:6   | Received a gift from Okawaru
 18497 | Lair:6   | Got a jewelled arbalest {god gift}
 18861 | D:4      | Bought a scroll of acquirement for 676 gold pieces
 18862 | D:4      | Acquired 755 gold pieces
 19258 | Lair:4   | Killed Karim's ghost
 19899 | Lair:6   | Acquired a manual of Long Blades
 19952 | Lair:6   | Found a burning altar of Makhleb.
 19980 | Lair:6   | Reached skill level 13 in Long Blades
 19987 | Lair:6   | Received a gift from Okawaru
 20005 | Lair:6   | Reached XP level 15. HP: 78/134 MP: 17/17
 20131 | Lair:6   | Found a gateway to Hell.
 20503 | Orc:1    | Entered Level 1 of the Orcish Mines
 21067 | Orc:2    | Entered Level 2 of the Orcish Mines
 21067 | Orc:2    | Noticed an orc warlord
 21067 | Orc:2    | Noticed an orc warlord
 21097 | Orc:2    | Found a staircase to the Elven Halls.
 21097 | Orc:2    | Noticed an orc warlord
 21311 | D:9      | Killed an orc warlord
 21323 | D:9      | Killed an orc warlord
 21324 | D:9      | Reached skill level 1 in Evocations
 21534 | Orc:2    | Found Ulaidghu's Gadget Shoppe.
 21572 | Orc:2    | Found Xomoaled's Book Shoppe.
 21572 | Orc:2    | Found Qumeh's Assorted Antiques.
 21586 | Orc:2    | Found a dark tunnel.
 21591 | Volcano  | Entered a volcano
 21777 | Volcano  | Found a burning altar of Makhleb.
 21799 | Volcano  | Received a gift from Okawaru
 21903 | Volcano  | Found a radiant altar of Vehumet.
 22084 | Orc:2    | Received a gift from Okawaru
 22585 | Orc:1    | Killed an orc warlord
 23005 | Orc:2    | Found Axosoar's Distillery.
 23005 | Orc:2    | Found Beus's Assorted Antiques.
 23038 | Orc:2    | Bought a glowing hat for 210 gold pieces
 23038 | Orc:2    | Bought an encrusted silver ring for 150 gold pieces
 23038 | Orc:2    | Bought a scroll of teleportation for 90 gold pieces
 23043 | Orc:2    | Bought a scroll of teleportation for 93 gold pieces
 23063 | Orc:2    | Bought a scroll of fear for 108 gold pieces
 23064 | Orc:2    | Bought a potion of haste for 160 gold pieces
 23064 | Orc:2    | Bought a potion of haste for 160 gold pieces
 23064 | Orc:2    | Bought a potion of heal wounds for 80 gold pieces
 23941 | D:12     | Found Xunky's General Store.
 23969 | D:12     | Bought a scroll of teleportation for 33 gold pieces
 23969 | D:12     | Bought a scroll of identify for 22 gold pieces
 24117 | D:12     | Reached XP level 16. HP: 127/144 MP: 18/18
 24192 | D:12     | Found a glowing golden altar of the Shining One.
 24442 | D:12     | Received a gift from Okawaru
 24623 | D:12     | Reached skill level 14 in Long Blades
 24926 | D:12     | Got a masterwork glaive
 25001 | D:12     | Identified a +1 pair of boots of running (Okawaru gifted it
                  | to you on level 12 of the Dungeon)
 25492 | D:13     | Found an ancient bone altar of Kikubaaqudgha.
 26003 | D:13     | Found a gate to the Vaults.
 26635 | D:15     | Entered Level 15 of the Dungeon
 26656 | D:15     | Received a gift from Okawaru
 26685 | D:15     | Found a staircase to the Depths.
 26718 | D:15     | Reached skill level 5 in Shields
 26765 | D:15     | Found a frozen archway.
 26929 | IceCv    | Entered an ice cave
 27456 | IceCv    | Received a gift from Okawaru
 27481 | IceCv    | Got a bronze ring mail {god gift}
 27492 | IceCv    | Identified the +0 ring mail "Legic" {rN++ rCorr Str-5
                  | Stlth+} (Okawaru gifted it to you in an ice cave)
 27557 | IceCv    | Reached skill level 15 in Long Blades
 27691 | IceCv    | Identified a +0 pair of boots of running (You found it in
                  | an ice cave)
 28849 | Swamp:1  | Entered Level 1 of the Swamp
 29009 | Swamp:1  | Reached XP level 17. HP: 110/154 MP: 19/19
 29230 | Swamp:1  | Found a shimmering altar of Xom.
 30468 | Swamp:2  | Received a gift from Okawaru
 30471 | Swamp:2  | Got a buzzing helmet {god gift}
 30482 | Swamp:2  | Identified the -2 helmet "Iwomp" {rN+} (Okawaru gifted it
                  | to you on level 2 of the Swamp)
 30856 | Swamp:2  | Reached skill level 15 in Fighting
 31966 | Swamp:2  | Reached skill level 16 in Long Blades
 32883 | Swamp:3  | Received a gift from Okawaru
 32886 | Swamp:3  | Got a pair of smoking boots {god gift}
 32897 | Swamp:3  | Identified the +0 pair of boots of Stoicism {Dex+4}
                  | (Okawaru gifted it to you on level 3 of the Swamp)
 33327 | Swamp:3  | Reached skill level 15 in Dodging
 33471 | Swamp:4  | Entered Level 4 of the Swamp
 34584 | Swamp:4  | HP: 4/156 [vampire knight/cursed +0 great sword (15)]
 34584 | Swamp:4  | Slain by a 27-headed hydra zombie

Illustrated notes

Levels and vault maps discovered:
D:1:      lightli_arrival_statue_moat, layout_basic, serial_glass,
          glass_columns_a, glass_columns_a, glass_columns_a, glass_columns_c,
          glass_columns_b, glass_columns_b
D:2:      layout_basic, lemuel_crystal_altar, lemuel_doored_altar,
          vehumet_crystals, chequers_mini_garden, cheibrodos_gnoll_hut,
          uniq_natasha, uniq_sigmund, uniq_terence
D:3:      layout_rooms, zin_academy, trog_three_pillars_becter
D:4:      layout_rooms, old_standard_altar, temple_statues, serial_shops,
          shop_fountains, hangedman_minor_gate_pass
D:5:      layout_basic, minmay_misc_feat_tiny
D:6:      layout_cave_pods
D:7:      cheibrodos_wizards_tower, layout_basic, nzn_wu_jian_contemplation,
          general_overflow_altar, nicolae_overflow_hidden_temple,
          cheibriados_altar_1
D:8:      layout_basic, lemuel_round_altar, kennysheep_mini_moat, uniq_erica,
          uniq_maurice, uniq_joseph
D:9:      layout_irregular_city, nicolae_overflow_crystal_walls,
          kennysheep_little_box, david_lair_shrubbed, zombieorc2_lemuel
D:10:     layout_irregular_city
D:11:     layout_roguey, serial_shops, bzr_entry_gold
D:12:     minmay_polygon_palace, layout_irregular_city, serial_shops,
          shop_coins, minmay_misc_feat_nine_boxes,
          nicolae_tso_swordbearing_angel
D:13:     layout_cave_pools, david_vaults_4, basic_altar,
          hangedman_little_slice_of_home
D:14:     layout_cave_pools, corexii_corridor_pit
D:15:     grunt_enter_depths_giant_problem, layout_basic,
          portal_ice_cave_entry_imps, hangedman_decor_slide_cut
Temple:   compressed_dpeg_triangle_lava_temple
Lair:1:   layout_regular_city, basic_altar, grunt_megastairs_5
Lair:2:   layout_cave_shapes, minmay_swamp_entry_worms, serial_bayou_shore_a
Lair:3:   layout_long_grid, minmay_snake_entry_six_corridors, grunt_megastairs_4
Lair:4:   layout_hall_layers, basic_altar, ebering_ghost_xom
Lair:5:   layout_cave_pods, minmay_slime_entry_pillars, nzn_ghost_randoct,
          minivault_23
Lair:6:   evil_forest, layout_layer_cave, grunt_megastairs_1,
          lemuel_fruit_fields
Swamp:1:  layout_basic_swamp, lemuel_altar_in_water
Swamp:2:  cheibrodos_swamp_tower_of_moss, layout_basic_swamp,
          hangedman_swamp_cone
Swamp:3:  layout_basic_swamp, nicolae_swamp_orc_logging_accident
Swamp:4:  byrel_swamp_growth_death_and_undeath, layout_basic_swamp, swamp_pool1,
          nicolae_swamp_little_tower
Orc:1:    layout_caves, nicolae_orc_stony_grotto
Orc:2:    st_orc_ogre_mass, layout_diamond_mine, enter_volcano_4, serial_shops,
          shop_coins

Skill      XL: |  1  2  3  4  5  6  7  8  9 10 11 12 13 14 15 16 17 |
---------------+----------------------------------------------------+-----
Dodging        | 3 4 5 6 8 9 10 11 12 13 14 15 | 15.1
Long Blades    | 3 4 5 6 7 9 10 11 12 13 15 16 | 16.4
Armour         | 1 2 3 4 5 6 7 9 10 11 12 13 | 13.1
Fighting       | 3 4 5 6 7 8 9 11 12 13 14 15 | 15.5
Invocations    | 1 3 4 5 |  5.0
Shields        | 2 4 5 |  5.0
Evocations     | 3 |  3.0
Throwing       | |  1.7

Action                   |  1- 3 |  4- 6 |  7- 9 | 10-12 | 13-15 | 16-18 || total
-------------------------+-------+-------+-------+-------+-------+-------++-------
Melee: Long sword        |    63 |   153 |   545 |   323 |   536 |       ||  1620
       Punch             |       |       |     1 |    11 |    12 |       ||    24
       Scimitar          |       |       |       |   361 |   913 |  1305 ||  2579
Throw: Throwing net      |       |       |     1 |     2 |     2 |     1 ||     6
Invok: Heroism           |       |       |     4 |    24 |    40 |    27 ||    95
Evoke: Wand              |       |       |       |     4 |     8 |     6 ||    18
  Use: Scroll            |       |     3 |    12 |    11 |    22 |    10 ||    58
       Potion            |       |     2 |     4 |       |     9 |     2 ||    17
 Stab: Paralysed         |       |       |       |     1 |     4 |       ||     5
       Held in net/web   |       |       |       |     2 |     1 |     2 ||     5
       Invisible         |       |       |       |       |    17 |       ||    17
       Petrified         |       |       |       |       |     5 |       ||     5
Armor: Leather armour    |    19 |    45 |       |       |       |       ||    64
       Ring mail         |       |    38 |   235 |    81 |       |       ||   354
       Plate armour      |       |       |       |   158 |   713 |       ||   871
       Chain mail        |       |       |       |       |    72 |   686 ||   758
Dodge: Dodged            |    56 |   148 |   502 |   473 |  1025 |  1092 ||  3296
Block: Buckler           |       |       |       |       |   258 |   479 ||   737
       Reflection        |       |       |       |       |       |     1 ||     1
       Rpst.: Long sword |    17 |    54 |   160 |    72 |   133 |       ||   436
       Scimitar          |       |       |       |    89 |   106 |   215 ||   410
